Workbook

Sheet Tableau de Bord
C2: TRUCHON SERVICES FINANCIERS INC.
C3: TABLEAU DE BORD FINANCIER & RÉSUMÉ MENSUEL
C4: Nom du client : | D4: [ Indiquer le nom du client ici ]
A6: REVENUS ANNUELS TOTAUX | C6: DÉPENSES ANNUELLES TOTALES | E6: SOLDE NET ANNUEL
A7: =SUM(B10:B21) | C7: =SUM(C10:C21) | E7: =A7-C7
A9: Mois | B9: Revenus Totaux ($) | C9: Dépenses Totales ($) | D9: Épargne / Solde ($) | E9: Taux d'Épargne (%)
A10: Janvier | B10: =SUMIF('Suivi Annuel'!$C:$C, A10, 'Suivi Annuel'!$E:$E) | C10: =SUMIF('Suivi Annuel'!$C:$C, A10, 'Suivi Annuel'!$F:$F) | D10: =B10-C10 | E10: =IF(B10>0, D10/B10, 0)
A11: Février | B11: =SUMIF('Suivi Annuel'!$C:$C, A11, 'Suivi Annuel'!$E:$E) | C11: =SUMIF('Suivi Annuel'!$C:$C, A11, 'Suivi Annuel'!$F:$F) | D11: =B11-C11 | E11: =IF(B11>0, D11/B11, 0)
A12: Mars | B12: =SUMIF('Suivi Annuel'!$C:$C, A12, 'Suivi Annuel'!$E:$E) | C12: =SUMIF('Suivi Annuel'!$C:$C, A12, 'Suivi Annuel'!$F:$F) | D12: =B12-C12 | E12: =IF(B12>0, D12/B12, 0)
A13: Avril | B13: =SUMIF('Suivi Annuel'!$C:$C, A13, 'Suivi Annuel'!$E:$E) | C13: =SUMIF('Suivi Annuel'!$C:$C, A13, 'Suivi Annuel'!$F:$F) | D13: =B13-C13 | E13: =IF(B13>0, D13/B13, 0)
A14: Mai | B14: =SUMIF('Suivi Annuel'!$C:$C, A14, 'Suivi Annuel'!$E:$E) | C14: =SUMIF('Suivi Annuel'!$C:$C, A14, 'Suivi Annuel'!$F:$F) | D14: =B14-C14 | E14: =IF(B14>0, D14/B14, 0)
A15: Juin | B15: =SUMIF('Suivi Annuel'!$C:$C, A15, 'Suivi Annuel'!$E:$E) | C15: =SUMIF('Suivi Annuel'!$C:$C, A15, 'Suivi Annuel'!$F:$F) | D15: =B15-C15 | E15: =IF(B15>0, D15/B15, 0)
A16: Juillet | B16: =SUMIF('Suivi Annuel'!$C:$C, A16, 'Suivi Annuel'!$E:$E) | C16: =SUMIF('Suivi Annuel'!$C:$C, A16, 'Suivi Annuel'!$F:$F) | D16: =B16-C16 | E16: =IF(B16>0, D16/B16, 0)
A17: Août | B17: =SUMIF('Suivi Annuel'!$C:$C, A17, 'Suivi Annuel'!$E:$E) | C17: =SUMIF('Suivi Annuel'!$C:$C, A17, 'Suivi Annuel'!$F:$F) | D17: =B17-C17 | E17: =IF(B17>0, D17/B17, 0)
A18: Septembre | B18: =SUMIF('Suivi Annuel'!$C:$C, A18, 'Suivi Annuel'!$E:$E) | C18: =SUMIF('Suivi Annuel'!$C:$C, A18, 'Suivi Annuel'!$F:$F) | D18: =B18-C18 | E18: =IF(B18>0, D18/B18, 0)
A19: Octobre | B19: =SUMIF('Suivi Annuel'!$C:$C, A19, 'Suivi Annuel'!$E:$E) | C19: =SUMIF('Suivi Annuel'!$C:$C, A19, 'Suivi Annuel'!$F:$F) | D19: =B19-C19 | E19: =IF(B19>0, D19/B19, 0)
A20: Novembre | B20: =SUMIF('Suivi Annuel'!$C:$C, A20, 'Suivi Annuel'!$E:$E) | C20: =SUMIF('Suivi Annuel'!$C:$C, A20, 'Suivi Annuel'!$F:$F) | D20: =B20-C20 | E20: =IF(B20>0, D20/B20, 0)
A21: Décembre | B21: =SUMIF('Suivi Annuel'!$C:$C, A21, 'Suivi Annuel'!$E:$E) | C21: =SUMIF('Suivi Annuel'!$C:$C, A21, 'Suivi Annuel'!$F:$F) | D21: =B21-C21 | E21: =IF(B21>0, D21/B21, 0)
A22: TOTAL ANNUEL | B22: =SUM(B10:B21) | C22: =SUM(C10:C21) | D22: =SUM(D10:D21) | E22: =IF(B22>0, D22/B22, 0)
A24: Ce document est conçu et partagé par TRUCHON SERVICES FINANCIERS INC. à des fins de planification budgétaire.

Sheet Suivi Annuel
C2: TRUCHON SERVICES FINANCIERS INC.
C3: REGISTRE DÉTAILLÉ DES TRANSACTIONS MENSUELLES
C4: Nom du client : | D4: [ Indiquer le nom du client ici ]
A6: Date | B6: Description / Libellé | C6: Mois | D6: Catégorie | E6: Revenu ($) | F6: Dépense ($) | G6: Notes & Précisions
A7: 2026-01-01 | B7: Salaire / Revenu d'entreprise | C7: Janvier | D7: Revenu | E7: 3500 | F7: 0 | G7: Paie fixe quinzaine
A8: 2026-01-02 | B8: Loyer / Hypothèque bureau | C8: Janvier | D8: Logement / Bureau | E8: 0 | F8: 1200 | G8: Prélèvement automatique
A9: 2026-01-05 | B9: Épicerie & Épicerie fine | C9: Janvier | D9: Alimentation | E9: 0 | F9: 185.5 | G9: Achats hebdomadaires
A10: 2026-01-10 | B10: Hydro-Québec / Énergie | C10: Janvier | D10: Factures & Services | E10: 0 | F10: 110 | G10: Compte mensuel
A11: 2026-01-15 | B11: Salaire / Revenu d'entreprise | C11: Janvier | D11: Revenu | E11: 3500 | F11: 0 | G11: Paie fixe quinzaine
A12: 2026-01-18 | B12: Carburant & Véhicule | C12: Janvier | D12: Transport | E12: 0 | F12: 65 | G12: Essence
A13: 2026-01-22 | B13: Repas d'affaires / Client | C13: Janvier | D13: Loisirs & Repas | E13: 0 | F13: 85 | G13: Rencontre partenaire
A14: 2026-02-01 | B14: Salaire / Revenu d'entreprise | C14: Février | D14: Revenu | E14: 3500 | F14: 0 | G14: Paie fixe quinzaine
A15: 2026-02-02 | B15: Loyer / Hypothèque bureau | C15: Février | D15: Logement / Bureau | E15: 0 | F15: 1200 | G15: Prélèvement automatique
A16: 2026-02-06 | B16: Épicerie IGA | C16: Février | D16: Alimentation | E16: 0 | F16: 210.25 | G16: Achats hebdomadaires
A103: Ce document est conçu et partagé par TRUCHON SERVICES FINANCIERS INC. à des fins de planification budgétaire.

Sheet Configuration
C2: TRUCHON SERVICES FINANCIERS INC.
C3: GESTION DES PARAMÈTRES ET CATÉGORIES
C4: Nom du client : | D4: [ Indiquer le nom du client ici ]
A6: Catégories Personnalisées | C6: Liste des Mois
A7: Revenu | C7: Janvier
A8: Logement / Bureau | C8: Février
A9: Alimentation | C9: Mars
A10: Transport | C10: Avril
A11: Factures & Services | C11: Mai
A12: Loisirs & Repas | C12: Juin
A13: Santé & Assurances | C13: Juillet
A14: Épargne & Placements | C14: Août
A15: Divers | C15: Septembre
C16: Octobre
C17: Novembre
C18: Décembre
A20: Ce document est conçu et partagé par TRUCHON SERVICES FINANCIERS INC. à des fins de planification budgétaire.
